 Dungeon Crawl Stone Soup version 0.22-a0-305-gd21a89c (webtiles) character file.

72979 Borgoz the Severer (level 15, -17/208 HPs)
             Began as a Hill Orc Abyssal Knight on Mar 31, 2018.
             Was a High Priest of Lugonu.
             Killed from afar by a deep elf sorcerer (24 damage)
             ... with a bolt of acid
             ... on level 1 of the Elven Halls.
             The game lasted 01:41:49 (38751 turns).

Borgoz the Severer (Hill Orc Abyssal Knight)       Turns: 38751, Time: 01:41:51

Health: -17/208    AC: 24    Str: 23    XL:     15   Next: 41%
Magic:  0/31       EV:  8    Int: 12    God:    Lugonu [*****.]
Gold:   1560       SH: 14    Dex: 18    Spells: 14/14 levels left

rFire    . . .     SeeInvis .   a - +6 war axe (drain)
rCold    . . .     Gourm    .   J - +2 shield
rNeg     + . .     Faith    .   I - +1 plate armour {MR+}
rPois    .         Spirit   +   z - +1 helmet
rElec    .         Reflect  .   F - scarf {Spirit}
rCorr    .         Harm     .   w - +1 pair of gloves "Supheapp" {MP+9 Dex+4}
MR       ++...                  H - +1 pair of boots
Stlth    ..........             (no amulet)
HPRegen  0.44/turn              v - ring of positive energy
MPRegen  0.22/turn              E - +1 ring of protection

@: berserking, lethally poisoned (-17 -> -23), studying Poison Magic, heavily
drained, very quick
A: no potion heal 1
a: Depart the Abyss, Bend Space, Banish, Corrupt, Enter the Abyss, Renounce
Religion


You were on level 1 of the Elven Halls.
You worshipped Lugonu.
Lugonu was extremely pleased with you.
You were not hungry.

You visited 5 branches of the dungeon, and saw 23 of its levels.
You visited the Abyss 2 times.
You also visited: Ossuary.

You collected 2355 gold pieces.
You spent 795 gold pieces at shops.

Inventory:

Hand Weapons
 a - a +6 war axe of draining (weapon)
 b - the +4 flail "Zacomuc" {elec, rF+}
   (You found it on level 8 of the Dungeon)

   Occasionally, upon striking a foe, it will discharge some electrical energy
   and cause terrible harm.
   It protects you from fire.
Armour
 w - the +1 pair of gloves "Supheapp" (worn) {MP+9 Dex+4}
   (You bought it in a shop on level 2 of the Orcish Mines)

   It affects your dexterity (+4).
   It affects your magic capacity (+9).
 z - a +1 helmet (worn)
 D - the +2 scale mail "Cuiraf Peaw" {rC+}
   (You found it on level 4 of the Lair of Beasts)

   It protects you from cold.
 F - a scarf of spirit shield (worn)
 H - a +1 pair of boots (worn)
 I - a +1 plate armour of magic resistance (worn)
 J - a +2 shield (worn)
Jewellery
 f - an uncursed ring of resist corrosion
 o - an uncursed amulet of faith
 p - an uncursed ring of protection from cold
 v - a ring of positive energy (left hand)
 x - a +1 ring of evasion
 E - a +1 ring of protection (right hand)
Wands
 n - a wand of polymorph (29)
 s - a wand of digging (12)
 B - a wand of enslavement (8)
 K - a wand of flame (99)
 P - a wand of clouds (20)
 R - a wand of paralysis (7)
Scrolls
 d - 2 scrolls of magic mapping
 h - 4 scrolls of blinking
 k - a scroll of identify
 l - a scroll of fog
 y - 5 scrolls of teleportation
 A - 10 scrolls of remove curse
Potions
 e - 6 potions of curing
 g - 2 potions of brilliance
 i - a potion of resistance
 j - 8 potions of flight
 u - 4 potions of agility
 C - 2 potions of cancellation
 G - a potion of lignification
 N - 2 potions of might
Books
 m - a manual of Poison Magic
Comestibles
 c - 16 rations


   Skills:
 + Level 14.3(10.6) Fighting
 + Level 17.2(13.3) Axes
 - Level 1.7(6.8) Maces & Flails
 + Level 14.2(10.5) Armour
 + Level 6.4(3.4) Dodging
 + Level 11.2(7.8) Shields
 + Level 10.0(6.7) Invocations


You had 14 spell levels left.
You didn't know any spells.

Dungeon Overview and Level Annotations

Branches:
Dungeon (13/15)            Temple (1/1) D:4            Lair (6/6) D:9
 Shoals (0/4) Lair:4        Snake (0/4) Lair:2        Slime (0/5) Lair:5
    Orc (2/2) D:10            Elf (1/3) Orc:2
 Vaults: D:13-14

Altars:
Ashenzari
Cheibriados
Dithmenos
Fedhas
Gozag
Hepliaklqana
Kikubaaqudgha
Makhleb
Nemelex Xobeh
Okawaru
Qazlal
Ru
Sif Muna
Trog
Uskayaw
Vehumet
Wu Jian
Xom
Yredelemnul
Zin
The Shining One
Beogh

Shops:
D:4 (   D:5 =   D:10 (   Orc:2 [[}*

Annotations:
D:12 grindst0ne's ghost, journeyman KoBe


Innate Abilities, Weirdness & Mutations

Potions are less effective at restoring your health.


Message History

You feel sick.
The mace of venom hits you but does no damage.
You are more poisoned.
You slash the mace of venom!
The mace of venom falls from the air.
Lugonu accepts your kill.
You feel sick.
The deep elf sorcerer gestures at you while chanting.
The sphere of damnation explodes!
The damnation engulfs you!
* * * LOW HITPOINT WARNING * * *
* * * LOW HITPOINT WARNING * * *
You feel sick.
You see here a mace of venom.
You closely miss the deep elf sorcerer.
The deep elf sorcerer is lightly wounded.
* * * LOW HITPOINT WARNING * * *
You feel sick.
The deep elf sorcerer gestures at you while chanting.
The bolt of acid hits you!
You die...

#.##....####.........# ##
#.##....###.##)..)..# .#
#.###...##.##.##..### .#
###.#####.#.##.###..# .#
#.....# #...#p## #..# .#
#.......##....## #..# .#
#.......##....# #.#. .##
#.......##e..#.# #.##. ..#
#.......##@####.# #.# . ..#
##.....###.## #.##.# ..#
######....[#####.#.##. ..#
#................. #.#######
#.................
#.......######....###.......#
#..........#########........#
#..................).........
#..........#########[.....###


You could see a deep elf sorcerer and a wizard.

Vanquished Creatures
  Frances (D:12)
  Nessos (D:12)
  4 dire elephants (Lair:6)
  Harold (Lair:2)
  Fannar (D:12)
  2 hydras
  A catoblepas (Lair:5)
  Erica (Lair:2)
  The ghost of Amnesiac the Prestidigitator, a journeyman SpGl of Okawaru (Orc:2)
  3 two-headed ogres
  4 death yaks (Lair:6)
  An anaconda (Lair:6)
  7 orc high priests
  3 dancing weapons
  A deep elf knight (Orc:2)
  Pikel (D:6)
  10 orc knights
  A cyclops (D:12)
  An oklob plant (Lair:5)
  16 deep elf magi
  3 ugly things
  3 orc sorcerers
  13 elephants
  A merfolk siren (Lair:4)
  Maurice (D:11)
  4 black mambas
  Joseph (D:7)
  6 spiny frogs
  2 komodo dragons (Lair:6)
  The ghost of Borgoz the Skirmisher, an amateur HOAK of Lugonu (D:4)
  8 trolls
  5 blink frogs (Lair:3)
  A polar bear (Lair:5)
  9 slime creatures
  8 hippogriffs
  A wraith (D:12)
  A wyvern (Lair:4)
  14 yaks
  A human (D:8)
  2 basilisks (Lair:3)
  A steam dragon (Lair:3)
  A hungry ghost (D:9)
  5 wargs
  14 water moccasins
  3 porcupines
  Duvessa (D:7)
  An acid dragon (D:12)
  61 orc warriors
  2 ice beasts (D:11)
  A slave (D:6)
  An eye of draining (D:12)
  3 phantoms
  A black bear (Lair:3)
  5 sky beasts
  9 ogres
  2 boggarts (Elf:1)
  7 centaurs
  19 wolves
  4 crocodiles
  A big kobold (D:7)
  11 bullfrogs
  2 gnoll sergeants
  2 scorpions
  Dowan (D:7)
  9 killer bees
  5 wights (D:9)
  The ghost of tsouns the Magician, a weakling GnWz of Qazlal (D:3)
  2 electric eels (Lair:6)
  A howler monkey (D:6)
  6 crimson imps
  2 bullfrog zombies
  2 human zombies (Ossuary)
  4 centaur zombies
  3 hounds
  40 orc priests
  Crazy Yiuf (D:3)
  4 jellies
  16 orc wizards
  2 centaur skeletons
  Jessica (D:3)
  3 iguanas
  Terence (D:3)
  8 worker ants
  3 hound zombies
  5 mummies
  15 adders
  14 gnolls
  2 shadow imps
  An adder zombie (D:8)
  3 worms
  2 leopard geckos
  101 orcs
  2 ball pythons
  7 giant cockroaches
  A gnoll zombie (Ossuary)
  6 goblins
  8 hobgoblins
  18 jackals
  9 kobolds
  6 quokkas
  4 bats
  4 frilled lizards
  A goblin zombie (Ossuary)
  A kobold zombie (Ossuary)
  2 leopard gecko skeletons
  2 leopard gecko zombies
  2 orc zombies (Ossuary)
  A quokka skeleton (D:8)
  10 rats
  4 plants
649 creatures vanquished.

Vanquished Creatures (others)
  2 hydras
  2 fungi (Lair:6)
  6 plants (Lair:6)
10 creatures vanquished.

Grand Total: 659 creatures vanquished

Notes
Turn   | Place    | Note
-------+----------+-------------------------------------------
     0 | Abyss:1  | Borgoz the Hill Orc Abyssal Knight began the quest for the Orb.
     0 | Abyss:1  | Reached XP level 1. HP: 19/19 MP: 2/2
    56 | Abyss:1  | Noticed a green very ugly thing
    57 | D:1      | Escaped the Abyss
   399 | D:1      | Reached XP level 2. HP: 21/27 MP: 3/3
  1173 | D:2      | Reached skill level 3 in Axes
  1287 | D:2      | Found a shimmering altar of Xom.
  1301 | D:2      | Reached XP level 3. HP: 30/34 MP: 4/4
  1339 | D:2      | Reached * piety under Lugonu
  1340 | D:2      | Reached skill level 1 in Dodging
  1641 | D:2      | Reached skill level 5 in Fighting
  1727 | D:2      | Reached XP level 4. HP: 42/42 MP: 5/5
  2032 | D:3      | Noticed tsouns's ghost (weakling GnWz)
  2412 | D:2      | Reached skill level 4 in Axes
  2412 | D:2      | Reached XP level 5. HP: 26/48 MP: 6/6
  2950 | D:3      | Noticed Terence
  2950 | D:3      | Noticed Jessica
  3025 | D:3      | Killed tsouns's ghost
  3025 | D:3      | Reached skill level 5 in Axes
  3025 | D:3      | Reached XP level 6. HP: 16/56 MP: 7/7
  3270 | D:3      | Killed Terence
  3413 | D:3      | Killed Jessica
  3486 | D:3      | Reached ** piety under Lugonu
  3502 | D:3      | Found a runed door.
  3943 | D:3      | Noticed Crazy Yiuf
  3949 | D:3      | Killed Crazy Yiuf
  3949 | D:3      | Reached skill level 6 in Axes
  4088 | D:4      | Reached XP level 7. HP: 27/63 MP: 8/8
  4272 | D:4      | Noticed Borgoz's ghost (amateur HOAK)
  4359 | D:4      | Found Dot Nohuhei's Weapon Shop.
  4410 | D:4      | Found a staircase to the Ecumenical Temple.
  4424 | Temple   | Entered the Ecumenical Temple
  5531 | D:5      | Entered Level 5 of the Dungeon
  5591 | D:5      | Reached skill level 7 in Axes
  5900 | D:5      | Reached skill level 5 in Armour
  5953 | D:5      | Found a sacrificial altar of Ru.
  5989 | D:5      | Found Jatseosh's Jewellery Shop.
  6024 | D:5      | Reached XP level 8. HP: 67/71 MP: 9/9
  6173 | D:5      | You fall through a shaft for 2 floors!
  6173 | D:7      | Noticed a hippogriff
  6185 | D:6      | Killed a hippogriff
  6355 | D:6      | Reached *** piety under Lugonu
  6355 | D:6      | Reached skill level 8 in Axes
  6454 | D:7      | Noticed Pikel
  6583 | D:5      | Reached skill level 9 in Axes
  6841 | D:6      | Found a snail-covered altar of Cheibriados.
  7187 | D:6      | Reached XP level 9. HP: 78/79 MP: 10/10
  7244 | D:7      | Noticed Joseph
  7439 | D:7      | Found a shadowy altar of Dithmenos.
  7441 | D:7      | Found a blossoming altar of Fedhas.
  7462 | D:7      | Reached skill level 10 in Axes
  7465 | D:7      | Noticed Dowan
  7479 | D:7      | Killed Dowan
  7495 | D:7      | Killed Joseph
  7510 | D:7      | Noticed Duvessa
  7570 | D:7      | Killed Duvessa
  7813 | D:7      | Identified Guh Vept's Disquisition on the Traveller
  7869 | D:6      | Killed Pikel
  7869 | D:6      | Reached skill level 11 in Axes
  7900 | D:7      | Found a sparkling altar of Nemelex Xobeh.
  7903 | D:7      | Found an ornate altar of the Wu Jian Council.
  8047 | D:7      | Found a deep blue altar of Sif Muna.
  8084 | D:8      | Found a sand-covered staircase.
  8088 | Ossuary  | Entered an ossuary
  8131 | Ossuary  | Reached **** piety under Lugonu
  8334 | D:8      | Reached XP level 10. HP: 72/90 MP: 11/11
  8406 | D:8      | Got a faintly glowing flail
  8732 | D:8      | Identified the +4 flail "Zacomuc" {elec, rF+} (You found it on level 8 of the Dungeon)
  8767 | D:8      | Found an iron altar of Okawaru.
  8905 | D:8      | Noticed a two-headed ogre
  8911 | D:8      | Reached ***** piety under Lugonu
  8922 | D:8      | Killed a two-headed ogre
  8922 | D:8      | Reached skill level 12 in Axes
  8933 | D:8      | Reached skill level 1 in Shields
  9147 | D:8      | Got a scorched golden ring
  9148 | D:8      | Identified the ring of Qesaenay {*Tele rElec} (You found it on level 8 of the Dungeon)
  9579 | D:9      | Got a steaming amber ring
  9951 | D:9      | Found a staircase to the Lair.
 10039 | D:9      | Reached skill level 13 in Axes
 10270 | D:9      | Noticed a two-headed ogre
 10288 | D:9      | Killed a two-headed ogre
 10715 | D:10     | Entered Level 10 of the Dungeon
 10720 | D:10     | Identified the ring of Zeixziump {rF++ Dex-2 Stlth+} (You found it on level 9 of the Dungeon)
 10743 | D:10     | Found Uzotis's Weapon Emporium.
 10882 | D:10     | Reached XP level 11. HP: 84/99 MP: 12/12
 10887 | D:10     | Reached skill level 10 in Armour
 10901 | D:10     | Reached skill level 10 in Fighting
 10902 | D:10     | Found a staircase to the Orcish Mines.
 11495 | D:11     | Found a hazy altar of Hepliaklqana.
 11497 | D:11     | Noticed Maurice
 11521 | D:11     | Killed Maurice
 11575 | D:11     | Found a roughly hewn altar of Beogh.
 11575 | D:11     | Noticed an orc knight
 11945 | D:11     | Noticed a five-headed hydra
 11959 | D:11     | Killed a five-headed hydra
 11968 | D:11     | Paralysed by an orc for 6 turns
 12293 | D:11     | Reached skill level 14 in Axes
 12474 | D:11     | Noticed a green ugly thing
 12515 | D:11     | Killed a green ugly thing
 12651 | D:11     | Noticed a red ugly thing
 12652 | D:11     | Reached ****** piety under Lugonu
 12672 | D:11     | Killed a red ugly thing
 12711 | D:11     | Noticed a two-headed ogre
 12727 | D:11     | Killed a two-headed ogre
 12727 | D:11     | Reached skill level 5 in Shields
 12935 | D:11     | Reached skill level 1 in Maces & Flails
 13066 | D:12     | Noticed Fannar
 13098 | D:12     | Noticed Nessos
 14305 | D:12     | Killed Nessos
 14305 | D:12     | Reached XP level 12. HP: 85/110 MP: 13/13
 14470 | D:12     | Killed Fannar
 14911 | D:12     | Noticed Frances
 14976 | D:12     | Killed Frances
 14976 | D:12     | Reached skill level 15 in Axes
 15121 | Lair:1   | Entered Level 1 of the Lair of Beasts
 15491 | Lair:1   | Noticed an eight-headed hydra
 15496 | Lair:1   | Banished an eight-headed hydra
 16480 | Lair:2   | Found a staircase to the Snake Pit.
 17259 | Lair:2   | Noticed Harold
 17262 | Lair:2   | Noticed Erica
 17606 | Lair:2   | Killed Harold
 17830 | Lair:3   | Noticed an eight-headed hydra
 17832 | Lair:3   | Banished an eight-headed hydra
 17832 | Lair:3   | Reached XP level 13. HP: 118/118 MP: 15/15
 18307 | D:4      | Killed Borgoz's ghost
 18508 | Lair:2   | Killed Erica
 19809 | Lair:4   | Got a crude scale mail
 19820 | Lair:4   | Identified the +2 scale mail "Cuiraf Peaw" {rC+} (You found it on level 4 of the Lair of Beasts)
 20101 | Lair:4   | Reached skill level 5 in Invocations
 20202 | Lair:4   | Found a staircase to the Shoals.
 20430 | Lair:5   | Got a jewelled mace
 20431 | Lair:5   | Identified the cursed +3 mace "Baiqag" {freeze, rElec rC- Dex+7 Stlth+} (You found it on level 5 of the Lair of Beasts)
 20676 | Lair:5   | Found a staircase to the Slime Pits.
 21366 | Lair:6   | Entered Level 6 of the Lair of Beasts
 21665 | Lair:6   | Reached skill level 16 in Axes
 22017 | Lair:6   | Reached XP level 14. HP: 121/129 MP: 19/19
 22712 | Lair:6   | Noticed a dire elephant
 22712 | Lair:6   | Noticed a dire elephant
 22737 | Lair:6   | Killed a dire elephant
 22742 | Lair:6   | Killed a dire elephant
 22908 | Lair:6   | Noticed a dire elephant
 22925 | Lair:6   | Killed a dire elephant
 22925 | Lair:6   | Reached skill level 5 in Dodging
 22925 | Lair:6   | Reached skill level 10 in Shields
 22927 | Lair:6   | Noticed a dire elephant
 22950 | Lair:6   | Killed a dire elephant
 23214 | Orc:1    | Entered Level 1 of the Orcish Mines
 23855 | Orc:2    | Entered Level 2 of the Orcish Mines
 23996 | Orc:2    | Noticed Amnesiac's ghost (journeyman SpGl)
 24978 | D:12     | Noticed grindst0ne's ghost (journeyman KoBe)
 26094 | D:12     | You fall through a shaft!
 26153 | D:12     | HP: 6/193 [red ugly thing (15)]
 27314 | Orc:2    | Killed Amnesiac's ghost
 33087 | Orc:2    | Gained mutation: Potions are less effective at restoring your health. [a neqoxec]
 34713 | Orc:2    | Reached XP level 15. HP: 103/138 MP: 21/21
 35841 | Orc:2    | Found a staircase to the Elven Halls.
 35931 | Orc:2    | Reached skill level 17 in Axes
 37051 | Orc:2    | Found Lociaquko's General Store.
 37054 | Orc:2    | Found Hysinoupn's Antique Armour Boutique.
 37055 | Orc:2    | Found Ycesaes's Armour Boutique.
 37056 | Orc:2    | Found Duddevve's Gadget Shop.
 37063 | Orc:2    | Bought a potion of berserk rage for 50 gold pieces
 37063 | Orc:2    | Bought a potion of ambrosia for 80 gold pieces
 37070 | Orc:2    | Bought a pair of faintly humming gloves for 361 gold pieces
 37070 | Orc:2    | Bought an embroidered scarf for 304 gold pieces
 37080 | Orc:2    | Identified the +1 pair of gloves "Supheapp" {MP+9 Dex+4} (You bought it in a shop on level 2 of the Orcish Mines)
 37183 | Elf:1    | Entered Level 1 of the Elven Halls
 38708 | Elf:1    | Noticed a deep elf sorcerer
 38708 | Elf:1    | Reached skill level 10 in Invocations
 38732 | Elf:1    | Cast into level 3 of the Abyss (a deep elf sorcerer)
 38744 | Elf:1    | Escaped the Abyss
 38749 | Elf:1    | HP: 9/208 [deep elf sorcerer/damnation (29)]
 38751 | Elf:1    | Killed from afar by a deep elf sorcerer

Vault maps used:
D:1:      giann_wishing_wells
D:2:      lemuel_round_altar, first_ration
D:3:      uniq_terence, uniq_jessica, uniq_crazy_yiuf_cottage
D:4:      temple_statues, serial_shops, shop, minmay_bisected
D:5:      nicolae_ru_path_of_blood, serial_shops, shop_fountains
D:6:      slow_altar_2
D:7:      nicolae_overflow_hidden_temple, kennysheep_mini_moat, uniq_duvessa,
          uniq_pikel, uniq_joseph
D:8:      okawaru_altar_gauntlet_db, enter_ossuary_5, grunt_pizzeria,
          skrybe_limestone_x, grunt_decor_arrowhead
D:9:      lair_entry_dummy
D:10:     erik_orc_4, serial_shops, nicolae_shop_trees
D:11:     basic_altar, minmay_liquid_box, uniq_maurice
D:12:     uniq_frances, uniq_fannar, uniq_nessos
D:13:     grunt_vaults_entry_tiered, lemuel_flamethrower_1
Temple:   minmay_temple_bridge_abc
Lair:2:   minmay_snake_entry_six_corridors, uniq_harold, uniq_erica
Lair:4:   minmay_shoals_entry_lonely_mermaid
Lair:5:   minmay_slime_entry_oklob_open, lemuel_old_faithful
Lair:6:   due_jungle_book, serial_bayou, serial_bayou_pond_a,
          serial_bayou_shore_b, serial_bayou_lake_a, serial_bayou_shore_a
Orc:1:    special_room, minmay_orc_keep
Orc:2:    st_orc_pillars, sword_in_stone
Elf:1:    eino_elf_arrival_sip, hangedman_elf_disciples, hex_medium
Abyss:3:  grunt_abyss_rune_forest_and_sorcery
Ossuary:  ossuary_crypta

Skill      XL: |  1  2  3  4  5  6  7  8  9 10 11 12 13 14 15 |
---------------+----------------------------------------------+-----
Fighting       | 4 5 6 7 8 9 11 12 13 14 | 14.3
Axes           | 3 4 5 6 7 9 11 13 14 15 16 17 | 17.2
Dodging        | 1 2 4 5 6 |  6.4
Armour         | 3 5 6 8 9 11 12 13 14 | 14.2
Shields        | 3 5 8 9 10 11 | 11.2
Maces & Flails | 1 |  1.7
Invocations    | 3 6 9 10 | 10.0

Action                   |  1- 3 |  4- 6 |  7- 9 | 10-12 | 13-15 || total
-------------------------+-------+-------+-------+-------+-------++-------
Melee: Hand axe          |    87 |   138 |   348 |   931 |     5 ||  1509
       War axe           |       |       |       |    11 |  1711 ||  1722
       Flail             |       |       |       |     9 |     5 ||    14
       Broad axe         |       |       |       |       |    40 ||    40
Invok: Depart the Abyss  |     1 |       |       |       |     1 ||     2
       Banish            |       |       |       |     2 |     1 ||     3
Evoke: Wand              |       |       |       |       |    30 ||    30
  Use: Scroll            |       |       |     9 |    11 |    12 ||    32
       Potion            |       |       |     1 |     5 |    16 ||    22
 Stab: Petrified         |       |       |       |       |     7 ||     7
       Petrifying        |       |       |       |       |     1 ||     1
  Eat: Chunk             |     2 |     8 |    13 |    31 |    38 ||    92
       Ration            |       |       |       |     1 |     9 ||    10
Armor: Leather armour    |    19 |    11 |       |       |       ||    30
       Plate armour      |       |    46 |   216 |   416 |  1303 ||  1981
       Skin              |       |       |       |       |     3 ||     3
Dodge: Dodged            |    57 |    67 |    73 |    90 |   246 ||   533
Block: Shield            |       |       |       |   352 |   999 ||  1351

Table legend:
 A = Spawn XP
 B = Non-spawn XP
 C = Spawn XP percentage of total XP
 D = Spawn monster count
 E = Non-spawn monster count
 F = Spawn count percentage of total count
 G = Total turns spent on level
                    A         B        C        D         E        F      G
               +---------+---------+-------+---------+---------+-------+---------
         Total |       0 |  104257 |   0.0 |       0 |     646 |   0.0 | 38751
               +---------+---------+-------+---------+---------+-------+---------
           D:1 |       0 |      26 |   0.0 |       0 |      15 |   0.0 |  1103
           D:2 |       0 |     277 |   0.0 |       0 |      35 |   0.0 |  1827
           D:3 |       0 |     289 |   0.0 |       0 |      23 |   0.0 |  1428
           D:4 |       0 |     544 |   0.0 |       0 |      15 |   0.0 |  1137
           D:5 |       0 |     481 |   0.0 |       0 |      13 |   0.0 |   934
           D:6 |       0 |    1562 |   0.0 |       0 |      17 |   0.0 |   899
           D:7 |       0 |    1336 |   0.0 |       0 |      22 |   0.0 |   789
           D:8 |       0 |    1906 |   0.0 |       0 |      31 |   0.0 |  1217
           D:9 |       0 |    2547 |   0.0 |       0 |      28 |   0.0 |  1359
          D:10 |       0 |    3535 |   0.0 |       0 |      29 |   0.0 |  1883
          D:11 |       0 |    9119 |   0.0 |       0 |      75 |   0.0 |  4407
          D:12 |       0 |    9880 |   0.0 |       0 |      38 |   0.0 |  1984
        Lair:1 |       0 |    1981 |   0.0 |       0 |      11 |   0.0 |  1339
        Lair:2 |       0 |    5817 |   0.0 |       0 |      20 |   0.0 |  1741
        Lair:3 |       0 |    4083 |   0.0 |       0 |      18 |   0.0 |  1085
        Lair:4 |       0 |    2978 |   0.0 |       0 |      17 |   0.0 |   791
        Lair:5 |       0 |    4488 |   0.0 |       0 |      20 |   0.0 |  1029
        Lair:6 |       0 |   18610 |   0.0 |       0 |      36 |   0.0 |  1629
         Orc:1 |       0 |   13702 |   0.0 |       0 |      80 |   0.0 |  7521
         Orc:2 |       0 |   11349 |   0.0 |       0 |      74 |   0.0 |  3531
         Elf:1 |       0 |    9531 |   0.0 |       0 |      17 |   0.0 |   589
       Ossuary |       0 |     216 |   0.0 |       0 |      12 |   0.0 |   228
               +---------+---------+-------+---------+---------+-------+---------
